AoeStats
← whO asked?

Glade

510719233Analyzed
1v1 RM · 13h ago on Oct 2, 2026· 53m 1s· 2 players
Game mode
Random Map
Map size
Tiny (2 player)
Population
200
Speed
Normal
Resources
Standard
Victory
Conquest
Starting age
Dark Age
Ending age
Imperial Age
RankedLock teamsTeams togetherTeam positionsShared explorationLock speedFull tech treeHidden civsTurbo modeCheats
Victory
Defeat
🇰🇿 Bengalis · Kazakhstan
816
+14
🇪🇸 Khmer · Spain
776
-14
indy
8:11 Loom
8:17 Loom
11:08 Feudal Age
13:06 Double-Bit Axe
17:48 Castle Age
15:54 Horse Collar
21:45 Heavy Plow
22:34 Elite Skirmisher
23:54 Stone Mining
31:41 Wheelbarrow
34:16 Imperial Age
32:02 Town Watch
33:42 Hand Cart
35:54 Ballistics
35:42 Siege Engineers
42:33 Conscription
46:08 Tusk Swords
46:19 Town Patrol
46:55 Crop Rotation
48:08 Cavalier
48:49 Husbandry
51:38 Scale Barding Armor
whO asked?
8:04 Loom
10:56 Feudal Age
15:39 Castle Age
13:50 Double-Bit Axe
15:04 Stone Mining
17:28 Fletching
18:19 Forging
21:28 Gold Mining
21:53 Town Watch
24:57 Wheelbarrow
24:03 Elite Skirmisher
26:01 Squires
28:11 Bodkin Arrow
31:28 Bow Saw
38:00 Imperial Age
36:37 Iron Casting
38:31 Horse Collar
40:05 Conscription
42:24 Bracer
46:17 Two-Man Saw
46:28 Town Patrol
46:45 Hand Cart
48:20 Onager
50:56 Pikeman
51:41 Scale Mail Armor
53:10 Chain Mail Armor
Connection lost

Rejoining the realm…

Still unreachable

The connection could not be restored.

Session expired

The server has moved on; the page needs a fresh start.